 Dungeon Crawl Stone Soup version 0.23.2-1-ga50397a (webtiles) character file.

Game seed: 4895078426535843734

72 xveg the Charlatan (level 4, -10/21 HPs)
             Began as a Spriggan Artificer on May 9, 2019.
             Mangled by a gnoll
             ... wielding a +0 spear
              (12 damage)
             ... on level 2 of the Dungeon.
             The game lasted 00:05:34 (1488 turns).

xveg the Charlatan (Spriggan Artificer)             Turns: 1488, Time: 00:05:35

Health: -10/21     AC:  2    Str:  8    XL:     4   Next: 7%
Magic:  8/8        EV: 19    Int: 13    God:
Gold:   66         SH:  0    Dex: 16    Spells: 6/6 levels left

rFire    . . .     SeeInvis +   a - +0 short sword
rCold    . . .     Gourm    .   (shield restricted)
rNeg     . . .     Faith    .   b - +0 robe
rPois    .         Spirit   .   (helmet restricted)
rElec    .         Reflect  .   (no cloak)
rCorr    .         Harm     .   (gloves unavailable)
MR       .....                  (boots unavailable)
Stlth    ++........             (no amulet)
HPRegen  0.07/turn              (no ring)
MPRegen  0.11/turn              (no ring)

@: very quick
A: very small, unfitting armour, see invisible, herbivore, speed 3, slow
metabolism 2
a: no special abilities


You were on level 2 of the Dungeon.
You were not hungry.

You visited 1 branch of the dungeon, and saw 2 of its levels.

You collected 66 gold pieces.

Inventory:

Hand Weapons
 a - a +0 short sword (weapon)
Missiles
 q - 3 javelins of penetration (quivered)
Armour
 b - a +0 robe (worn)
 m - a +0 pair of boots
 n - a +0 pair of gloves
Wands
 c - a wand of flame (6)
 d - a wand of enslavement (8)
 e - a wand of random effects (14)
Scrolls
 g - 4 scrolls of immolation {unknown}
 h - a scroll of fear {unknown}
 j - a scroll of amnesia {unknown}
 k - a scroll of magic mapping {unknown}
 l - 2 scrolls of identify {unknown}
 o - 2 scrolls of remove curse {unknown}
Potions
 i - a potion of magic {unknown}
 p - a potion of mutation {unknown}
 r - a potion of brilliance {unknown}
Comestibles
 f - 5 rations


   Skills:
 - Level 0.7 Fighting
 + Level 2.5 Short Blades
 + Level 3.5 Dodging
 + Level 2.4 Stealth
 * Level 1.7 Spellcasting
 + Level 4.8 Evocations


You had 6 spell levels left.
You didn't know any spells.
Your spell library was empty.

Dungeon Overview and Level Annotations

Branches:
Dungeon (2/15)

Altars:
Kikubaaqudgha
Wu Jian
Zin


Innate Abilities, Weirdness & Mutations

You are very small and have problems with some larger weapons.
You are too small for most types of armour.
You have supernaturally acute eyesight. (SInv)
You are a herbivore.
You cover ground extremely quickly.
You need to consume almost no food.


Message History

Aim: a gnoll, wielding a +0 club
Okay, then.
Evoke which item? (* to show all) (? for menu, Esc to quit)
Aiming: Enslavement
Press: ? - help, Shift-Dir - straight line, f - gnoll
Aim: a gnoll, wielding a +0 club (chance to defeat MR: 69%)
The gnoll is charmed.
The gnoll barely misses you.
The gnoll hits you from afar with a +0 spear!
Ouch! That really hurt!
The gnoll hits you from afar with a +0 spear!
* * * LOW HITPOINT WARNING * * *
The gnoll hits your gnoll with a +0 spear.
The gnoll closely misses you. The gnoll completely misses you.
The gnoll closely misses you. The gnoll completely misses you.
The gnoll hits you from afar with a +0 spear!
Ouch! That really hurt!
You die...

###### #..... ####.####
#........
..################.##.###.
.>......g@..........#.###.
[...##g###.######..#.....
. #)# #.# #.......... #g#
#.# #.......... #g# #.#
#.......... #.#
#.####.......... ...
........#..♣._.♣ #.#
#......†###♣♣♣♣. #.#
########.#######


You could see a gnoll and a friendly gnoll.

Vanquished Creatures
  Jessica (D:2)
  2 adders (D:2)
  A dart slug (D:2)
  5 bats
  4 goblins (D:1)
  4 hobgoblins (D:1)
  4 kobolds (D:1)
  A ball python (D:2)
  2 frilled lizards
  4 rats
28 creatures vanquished.

Vanquished Creatures (collateral kills)
  A leopard gecko (D:1)
  A bat (D:2)
  4 kobolds (D:1)
6 creatures vanquished.

Vanquished Creatures (others)
  A gnoll (D:2)
  A leopard gecko (D:1)
  A plant (D:1)
3 creatures vanquished.

Grand Total: 37 creatures vanquished

Notes
Turn   | Place    | Note
-------+----------+-------------------------------------------
     0 | D:1      | xveg the Spriggan Artificer began the quest for the Orb.
     0 | D:1      | Reached XP level 1. HP: 9/9 MP: 4/4
   185 | D:1      | Reached XP level 2. HP: 14/14 MP: 6/6
   788 | D:1      | Reached skill level 1 in Spellcasting
  1082 | D:2      | Reached XP level 3. HP: 13/17 MP: 7/7
  1272 | D:2      | Noticed Jessica
  1275 | D:2      | Found an ornate altar of the Wu Jian Council.
  1296 | D:2      | Your ally died
  1296 | D:2      | Reached XP level 4. HP: 18/21 MP: 8/8
  1428 | D:2      | Found a glowing silver altar of Zin.
  1437 | D:2      | Found an ancient bone altar of Kikubaaqudgha.
  1488 | D:2      | Mangled by a gnoll

Skill      XL: |  1  2 |
---------------+-------+-----
Short Blades   | 2 |  2.5
Spellcasting   | 1 |  1.7
Stealth        | 2 |  2.4
Fighting       | |  0.7
Dodging        | |  3.5
Evocations     | |  4.8

Action                   |  1- 3 |  4- 6 || total
-------------------------+-------+-------++-------
Melee: Short sword       |   100 |    11 ||   111
Evoke: Wand              |    14 |     3 ||    17
 Stab: Sleeping          |     5 |     1 ||     6
Armor: Robe              |     7 |     2 ||     9
Dodge: Dodged            |    60 |    13 ||    73
